[ PARTIDA AOE2 · #465024975 ]
UnrankedItalianos vs Vietnamese
[ ANÁLISIS DE REPETICIÓN · EXTRAÍDO DE LA PARTIDA GRABADA ]
Feudal
9:51
Castillos
14:07
Imperial
26:48
| APM promedio | 27.3 |
| APM pico | 50 |
| eAPM promedio | 17.6 |
| Aldeanos / militares | 166 / 242 |
Foco
⚔️ 31.5% · 🌾 68.5%
Skirmisher ×98 · Genoese Crossbowman ×80 · Bombard Cannon ×32 · Hand Cannoneer ×31 · Trade Cart ×5 · Trebuchet (Packed) ×1
Feudal
10:35
Castillos
14:23
Imperial
28:13
| APM promedio | 34.3 |
| APM pico | 73 |
| eAPM promedio | 21.9 |
| Aldeanos / militares | 192 / 250 |
Foco
⚔️ 33.9% · 🌾 66.1%
Rattan Archer ×102 · Skirmisher ×55 · Spearman ×54 · Battle Elephant ×37 · Trebuchet (Packed) ×2
Feudal
11:51
Castillos
15:21
Imperial
28:47
| APM promedio | 47.0 |
| APM pico | 117 |
| eAPM promedio | 32.0 |
| Aldeanos / militares | 204 / 696 |
Foco
⚔️ 58.5% · 🌾 41.5%
Spearman ×500 · Scorpion ×126 · Battering Ram ×47 · Woad Raider ×10 · Trebuchet (Packed) ×8 · Mangonel ×5
Feudal
11:00
Castillos
13:42
Imperial
28:36
| APM promedio | 36.6 |
| APM pico | 103 |
| eAPM promedio | 23.2 |
| Aldeanos / militares | 124 / 509 |
Foco
⚔️ 39.7% · 🌾 60.3%
Spearman ×188 · Scout Cavalry ×188 · Scorpion ×130 · Trebuchet (Packed) ×3
Feudal
10:58
Castillos
14:34
Imperial
28:21
| APM promedio | 40.1 |
| APM pico | 87 |
| eAPM promedio | 29.3 |
| Aldeanos / militares | 186 / 654 |
Foco
⚔️ 59.3% · 🌾 40.7%
Knight ×452 · Scout Cavalry ×197 · Monk ×3 · Trebuchet (Packed) ×2
Feudal
10:09
Castillos
13:56
Imperial
27:00
| APM promedio | 32.8 |
| APM pico | 84 |
| eAPM promedio | 21.2 |
| Aldeanos / militares | 191 / 216 |
Foco
⚔️ 45.9% · 🌾 54.1%
Archer ×151 · Skirmisher ×56 · Mangonel ×4 · Battering Ram ×4 · Monk ×1
Feudal
11:36
Castillos
15:07
Imperial
26:46
| APM promedio | 33.6 |
| APM pico | 65 |
| eAPM promedio | 21.6 |
| Aldeanos / militares | 130 / 530 |
Foco
⚔️ 37.7% · 🌾 62.3%
Skirmisher ×203 · Camel Scout ×183 · Spearman ×106 · Hand Cannoneer ×15 · Trebuchet (Packed) ×9 · Knight ×7
Feudal
9:16
Castillos
22:04
Imperial
28:48
| APM promedio | 34.1 |
| APM pico | 68 |
| eAPM promedio | 18.1 |
| Aldeanos / militares | 135 / 454 |
Foco
⚔️ 33.7% · 🌾 66.3%
Steppe Lancer ×332 · Scout Cavalry ×98 · Mangonel ×24
Mapa de la partida
Recursos iniciales + cada clic de construcción. Líneas = muros · curvas = relieve. ◆ oro · ⬟ piedra · ● bayas · ✦ reliquia · ◌ hueco del cierre
Tu base· ✓ Cerrada en 14:07 · 0t muro · 2 puerta(s)
Base de 精锐蒙古蓝色长弓· ✓ Cerrada en 14:23 · 0t muro · 2 puerta(s)
Base de [GDL] Axolotl· ✓ Cerrada en 15:21 · 0t muro · 2 puerta(s)
Base de KLIKELIN· ✓ Cerrada en 13:42 · 0t muro · 2 puerta(s)
Base de 玉祥(群主菜鸡)· ✓ Cerrada en 14:34 · 0t muro · 3 puerta(s)
Base de mojotzotzo· ✓ Cerrada en 13:56 · 0t muro · 3 puerta(s)
Base de Sacachispas· ✓ Cerrada en 15:07 · 3t muro · 5 puerta(s)
Base de 啦啦啦啦啦啦· ✓ Cerrada en 22:04 · 0t muro · 3 puerta(s)
Terreno inicial suavizado · ◌ = hueco del cierre detectado · pasá el cursor para detalles
Inputs por minuto
— LingLing - - 精锐蒙古蓝色长弓
Build order — LingLing
Primeras 150 de 369 acciones detectadas
| 0:01 | Crear | Villager (Male) |
| 0:01 | Crear | Villager (Male) |
| 0:02 | Construir | House |
| 0:03 | Construir | House |
| 0:19 | Crear | Villager (Male) |
| 0:19 | Crear | Villager (Male) |
| 0:19 | Crear | Villager (Male) |
| 1:30 | Crear | Villager (Male) |
| 1:57 | Construir | Lumber Camp |
| 2:03 | Crear | Villager (Male) |
| 2:03 | Crear | Villager (Male) |
| 2:19 | Crear | Villager (Male) |
| 2:19 | Crear | Villager (Male) |
| 2:42 | Crear | Villager (Male) |
| 2:43 | Crear | Villager (Male) |
| 3:24 | Construir | House |
| 3:28 | Crear | Villager (Male) |
| 3:28 | Crear | Villager (Male) |
| 3:29 | Crear | Villager (Male) |
| 3:54 | Crear | Villager (Male) |
| 3:55 | Crear | Villager (Male) |
| 4:22 | Crear | Villager (Male) |
| 4:22 | Crear | Villager (Male) |
| 4:47 | Construir | Mill |
| 5:20 | Construir | House |
| 5:30 | Crear | Villager (Male) |
| 5:45 | Crear | Villager (Male) |
| 5:45 | Crear | Villager (Male) |
| 6:38 | Construir | Mill |
| 6:51 | Crear | Villager (Male) |
| 6:51 | Crear | Villager (Male) |
| 7:32 | Investigar | Feudal Age |
| 7:36 | Construir | Mining Camp |
| 8:38 | Crear | Villager (Male) |
| 8:48 | Construir | House |
| 9:30 | Construir | House |
| 9:51 | Edad | Edad Feudal |
| 9:56 | Construir | Market |
| 10:05 | Construir | Blacksmith |
| 10:18 | Crear | Villager (Male) |
| 10:48 | Crear | Villager (Male) |
| 11:01 | Construir | Farm |
| 11:27 | Investigar | Castle Age |
| 12:33 | Construir | Farm |
| 12:36 | Construir | Farm |
| 13:02 | Investigar | Double-Bit Axe |
| 13:34 | Crear | Villager (Male) |
| 13:34 | Crear | Villager (Male) |
| 14:07 | Edad | Edad de los Castillos |
| 14:11 | Construir | Town Center |
| 14:24 | Construir | Town Center |
| 14:28 | Crear | Villager (Male) |
| 14:58 | Construir | Farm |
| 15:17 | Crear | Villager (Male) |
| 15:18 | Crear | Villager (Male) |
| 15:27 | Investigar | Loom |
| 15:28 | Crear | Villager (Male) |
| 15:30 | Construir | Farm |
| 15:43 | Crear | Villager (Male) |
| 15:44 | Crear | Villager (Male) |
| 15:50 | Crear | Villager (Male) |
| 15:50 | Crear | Villager (Male) |
| 15:51 | Crear | Villager (Male) |
| 15:54 | Construir | Farm |
| 15:56 | Construir | Farm |
| 15:57 | Construir | Farm |
| 16:18 | Construir | Farm |
| 16:22 | Crear | Villager (Male) |
| 16:22 | Crear | Villager (Male) |
| 16:27 | Construir | Farm |
| 16:50 | Construir | Outpost |
| 16:52 | Construir | Outpost |
| 16:58 | Construir | Farm |
| 17:10 | Construir | Outpost |
| 17:11 | Crear | Villager (Male) |
| 17:12 | Crear | Villager (Male) |
| 17:12 | Crear | Villager (Male) |
| 17:12 | Crear | Villager (Male) |
| 17:15 | Construir | Farm |
| 17:18 | Construir | Farm |
| 17:20 | Construir | Farm |
| 17:23 | Construir | Farm |
| 17:31 | Investigar | Horse Collar |
| 17:31 | Investigar | Horse Collar |
| 17:45 | Crear | Villager (Male) |
| 17:46 | Crear | Villager (Male) |
| 17:48 | Crear | Villager (Male) |
| 18:11 | Construir | House |
| 18:12 | Crear | Villager (Male) |
| 18:13 | Crear | Villager (Male) |
| 18:22 | Crear | Villager (Male) |
| 18:22 | Crear | Villager (Male) |
| 18:25 | Construir | House |
| 18:26 | Construir | House |
| 18:35 | Investigar | Bow Saw |
| 18:38 | Crear | Villager (Male) |
| 18:38 | Crear | Villager (Male) |
| 18:45 | Construir | House |
| 18:46 | Construir | House |
| 18:50 | Construir | Farm |
| 18:59 | Construir | Farm |
| 19:01 | Construir | Farm |
| 19:04 | Construir | Farm |
| 19:06 | Construir | Farm |
| 19:07 | Crear | Villager (Male) |
| 19:07 | Crear | Villager (Male) |
| 19:08 | Crear | Villager (Male) |
| 19:09 | Crear | Villager (Male) |
| 19:21 | Crear | Villager (Male) |
| 19:22 | Crear | Villager (Male) |
| 19:24 | Construir | Farm |
| 19:27 | Construir | Farm |
| 19:32 | Construir | Farm |
| 19:34 | Construir | Farm |
| 19:38 | Construir | House |
| 19:39 | Construir | House |
| 19:40 | Crear | Villager (Male) |
| 19:40 | Crear | Villager (Male) |
| 19:40 | Crear | Villager (Male) |
| 19:41 | Crear | Villager (Male) |
| 19:49 | Construir | Farm |
| 19:58 | Crear | Villager (Male) |
| 19:58 | Crear | Villager (Male) |
| 20:06 | Construir | Farm |
| 20:18 | Construir | University |
| 20:22 | Crear | Villager (Male) |
| 20:22 | Crear | Villager (Male) |
| 20:23 | Construir | Farm |
| 20:38 | Crear | Villager (Male) |
| 20:38 | Crear | Villager (Male) |
| 20:50 | Construir | Farm |
| 20:54 | Construir | Farm |
| 20:55 | Crear | Villager (Male) |
| 20:55 | Crear | Villager (Male) |
| 20:58 | Investigar | Wheelbarrow |
| 21:02 | Construir | Farm |
| 21:04 | Construir | Farm |
| 21:08 | Construir | Farm |
| 21:09 | Construir | Farm |
| 21:11 | Construir | Farm |
| 21:14 | Crear | Villager (Male) |
| 21:14 | Crear | Villager (Male) |
| 21:15 | Crear | Villager (Male) |
| 21:31 | Crear | Villager (Male) |
| 21:31 | Crear | Villager (Male) |
| 21:33 | Construir | Farm |
| 21:37 | Construir | Farm |
| 21:43 | Construir | Farm |
| 21:44 | Construir | Farm |
| 21:45 | Construir | Farm |
Build order — 精锐蒙古蓝色长弓
Primeras 150 de 599 acciones detectadas
| 0:00 | Crear | Villager (Male) |
| 0:01 | Crear | Villager (Male) |
| 0:02 | Construir | House |
| 0:04 | Construir | House |
| 0:07 | Construir | House |
| 0:14 | Crear | Villager (Male) |
| 0:20 | Crear | Villager (Male) |
| 1:24 | Crear | Villager (Male) |
| 1:44 | Crear | Villager (Male) |
| 1:46 | Construir | Lumber Camp |
| 2:10 | Crear | Villager (Male) |
| 2:58 | Crear | Villager (Male) |
| 3:11 | Crear | Villager (Male) |
| 3:45 | Crear | Villager (Male) |
| 3:47 | Crear | Villager (Male) |
| 3:53 | Construir | House |
| 4:19 | Construir | Mill |
| 4:36 | Crear | Villager (Male) |
| 5:05 | Crear | Villager (Male) |
| 5:10 | Crear | Villager (Male) |
| 5:23 | Crear | Villager (Male) |
| 5:27 | Construir | Mill |
| 5:30 | Crear | Villager (Male) |
| 5:41 | Construir | House |
| 6:15 | Crear | Villager (Male) |
| 6:28 | Crear | Villager (Male) |
| 7:17 | Crear | Villager (Male) |
| 7:17 | Crear | Villager (Male) |
| 8:04 | Investigar | Feudal Age |
| 9:25 | Construir | House |
| 9:49 | Construir | Farm |
| 10:30 | Construir | Farm |
| 10:33 | Crear | Villager (Male) |
| 10:34 | Crear | Villager (Male) |
| 10:35 | Edad | Edad Feudal |
| 10:37 | Construir | Market |
| 10:40 | Construir | Blacksmith |
| 10:43 | Construir | Blacksmith |
| 11:01 | Construir | Farm |
| 11:43 | Investigar | Castle Age |
| 11:43 | Investigar | Castle Age |
| 11:54 | Construir | Lumber Camp |
| 12:41 | Investigar | Double-Bit Axe |
| 12:59 | Construir | House |
| 13:16 | Investigar | Horse Collar |
| 13:16 | Investigar | Horse Collar |
| 14:02 | Construir | House |
| 14:23 | Edad | Edad de los Castillos |
| 14:26 | Construir | Town Center |
| 14:31 | Crear | Villager (Male) |
| 14:31 | Crear | Villager (Male) |
| 14:33 | Construir | Town Center |
| 14:34 | Crear | Villager (Male) |
| 14:40 | Construir | House |
| 14:47 | Construir | Farm |
| 14:58 | Construir | Farm |
| 15:10 | Crear | Villager (Male) |
| 15:12 | Crear | Villager (Male) |
| 15:24 | Construir | Farm |
| 15:33 | Construir | Farm |
| 15:39 | Construir | Farm |
| 15:44 | Crear | Villager (Male) |
| 15:48 | Crear | Villager (Male) |
| 15:50 | Construir | Farm |
| 15:53 | Construir | Farm |
| 15:55 | Construir | Farm |
| 15:58 | Crear | Villager (Male) |
| 16:01 | Construir | Farm |
| 16:09 | Construir | Farm |
| 16:11 | Construir | Farm |
| 16:16 | Construir | Farm |
| 16:16 | Crear | Villager (Male) |
| 16:19 | Construir | Farm |
| 16:27 | Crear | Villager (Male) |
| 16:44 | Construir | Farm |
| 16:45 | Crear | Villager (Male) |
| 16:50 | Crear | Villager (Male) |
| 16:59 | Construir | Farm |
| 17:01 | Crear | Villager (Male) |
| 17:06 | Investigar | Loom |
| 17:10 | Crear | Villager (Male) |
| 17:18 | Construir | House |
| 17:19 | Construir | House |
| 17:20 | Crear | Villager (Male) |
| 17:27 | Crear | Villager (Male) |
| 17:36 | Crear | Villager (Male) |
| 17:43 | Construir | Siege Workshop |
| 17:45 | Crear | Villager (Male) |
| 17:50 | Crear | Villager (Male) |
| 17:54 | Construir | Farm |
| 17:57 | Construir | Farm |
| 18:02 | Crear | Villager (Male) |
| 18:05 | Crear | Villager (Male) |
| 18:14 | Crear | Villager (Male) |
| 18:18 | Construir | Farm |
| 18:24 | Construir | Farm |
| 18:25 | Construir | Farm |
| 18:28 | Crear | Villager (Male) |
| 18:31 | Construir | House |
| 18:31 | Construir | House |
| 18:32 | Crear | Villager (Male) |
| 18:42 | Crear | Villager (Male) |
| 18:58 | Crear | Villager (Male) |
| 18:58 | Crear | Villager (Male) |
| 19:04 | Crear | Villager (Male) |
| 19:17 | Construir | Town Center |
| 19:18 | Crear | Villager (Male) |
| 19:19 | Crear | Villager (Male) |
| 19:25 | Construir | Farm |
| 19:27 | Construir | Farm |
| 19:28 | Crear | Villager (Male) |
| 19:29 | Construir | House |
| 19:30 | Crear | Villager (Male) |
| 19:37 | Construir | Farm |
| 19:38 | Crear | Villager (Male) |
| 19:45 | Crear | Villager (Male) |
| 19:50 | Construir | Farm |
| 19:52 | Construir | Farm |
| 19:58 | Construir | Farm |
| 19:59 | Crear | Villager (Male) |
| 20:00 | Crear | Villager (Male) |
| 20:12 | Crear | Villager (Male) |
| 20:22 | Investigar | Bow Saw |
| 20:22 | Investigar | Bow Saw |
| 20:28 | Construir | Farm |
| 20:29 | Crear | Villager (Male) |
| 20:29 | Crear | Villager (Male) |
| 20:31 | Crear | Villager (Male) |
| 20:33 | Construir | Farm |
| 20:39 | Construir | Farm |
| 20:46 | Crear | Villager (Male) |
| 20:50 | Crear | Villager (Male) |
| 20:51 | Construir | Farm |
| 20:53 | Construir | Farm |
| 20:56 | Construir | Farm |
| 20:57 | Crear | Villager (Male) |
| 20:59 | Construir | Farm |
| 21:00 | Crear | Villager (Male) |
| 21:02 | Crear | Villager (Male) |
| 21:10 | Construir | Farm |
| 21:11 | Crear | Villager (Male) |
| 21:13 | Construir | Farm |
| 21:18 | Crear | Villager (Male) |
| 21:21 | Construir | Farm |
| 21:22 | Crear | Villager (Male) |
| 21:25 | Construir | Farm |
| 21:26 | Crear | Villager (Male) |
| 21:29 | Crear | Villager (Male) |
| 21:42 | Crear | Villager (Male) |
| 21:46 | Crear | Villager (Male) |
Build order — [GDL] Axolotl
Primeras 150 de 588 acciones detectadas
| 0:01 | Crear | Villager (Male) |
| 0:02 | Crear | Villager (Male) |
| 0:03 | Construir | House |
| 0:04 | Construir | House |
| 0:15 | Crear | Villager (Male) ×2 |
| 1:28 | Crear | Villager (Male) |
| 1:29 | Crear | Villager (Male) |
| 1:59 | Construir | Lumber Camp |
| 2:02 | Crear | Villager (Male) |
| 2:25 | Crear | Villager (Male) |
| 2:55 | Crear | Villager (Male) |
| 2:55 | Crear | Villager (Male) |
| 3:04 | Crear | Villager (Male) |
| 3:25 | Construir | House |
| 3:25 | Construir | House |
| 3:27 | Construir | House |
| 3:40 | Crear | Villager (Male) |
| 3:59 | Crear | Villager (Male) |
| 4:00 | Crear | Villager (Male) |
| 4:12 | Construir | Mill |
| 4:23 | Crear | Villager (Male) |
| 4:56 | Crear | Villager (Male) |
| 5:03 | Construir | Farm |
| 5:06 | Crear | Villager (Male) |
| 5:28 | Crear | Villager (Male) |
| 5:35 | Construir | Farm |
| 6:19 | Crear | Villager (Male) |
| 6:19 | Crear | Villager (Male) |
| 6:25 | Construir | Farm |
| 6:34 | Crear | Villager (Male) |
| 6:34 | Crear | Villager (Male) |
| 6:36 | Construir | Farm |
| 6:54 | Crear | Villager (Male) ×2 |
| 6:54 | Crear | Villager (Male) ×2 |
| 7:41 | Construir | Mining Camp |
| 8:01 | Crear | Villager (Male) |
| 8:02 | Crear | Villager (Male) |
| 8:18 | Construir | Farm |
| 8:36 | Crear | Villager (Male) |
| 8:36 | Crear | Villager (Male) |
| 9:27 | Investigar | Feudal Age |
| 9:28 | Investigar | Feudal Age |
| 11:17 | Crear | Villager (Male) |
| 11:18 | Crear | Villager (Male) |
| 11:51 | Edad | Edad Feudal |
| 11:54 | Construir | Market |
| 11:56 | Construir | Blacksmith |
| 12:03 | Investigar | Horse Collar |
| 12:41 | Investigar | Castle Age |
| 12:55 | Investigar | Horse Collar |
| 12:55 | Investigar | Horse Collar |
| 12:58 | Construir | Farm |
| 12:58 | Construir | Farm |
| 12:58 | Construir | Farm |
| 12:58 | Construir | Farm |
| 12:59 | Construir | Farm |
| 12:59 | Construir | Farm |
| 12:59 | Construir | Farm |
| 12:59 | Construir | Farm |
| 13:12 | Construir | Farm |
| 13:15 | Construir | Farm |
| 13:17 | Construir | Farm |
| 13:49 | Construir | Farm |
| 13:57 | Investigar | Double-Bit Axe |
| 14:41 | Construir | House |
| 14:42 | Construir | House |
| 14:45 | Construir | House |
| 15:02 | Crear | Villager (Male) |
| 15:03 | Crear | Villager (Male) |
| 15:03 | Crear | Villager (Male) |
| 15:21 | Edad | Edad de los Castillos |
| 15:25 | Construir | Town Center |
| 15:31 | Construir | Town Center |
| 15:35 | Investigar | Bow Saw |
| 15:35 | Investigar | Bow Saw |
| 15:47 | Investigar | Town Watch |
| 16:02 | Crear | Villager (Male) |
| 16:17 | Crear | Villager (Male) |
| 16:17 | Crear | Villager (Male) |
| 16:20 | Construir | House |
| 16:22 | Construir | House |
| 16:25 | Construir | House |
| 16:25 | Construir | House |
| 16:25 | Construir | House |
| 16:26 | Construir | House |
| 16:26 | Construir | House |
| 16:26 | Construir | House |
| 16:27 | Construir | House |
| 16:27 | Construir | House |
| 16:27 | Construir | House |
| 16:28 | Construir | House |
| 16:31 | Construir | House |
| 16:41 | Crear | Villager (Male) ×5 |
| 16:58 | Crear | Villager (Male) ×3 |
| 17:45 | Crear | Villager (Male) ×4 |
| 17:45 | Crear | Villager (Male) ×4 |
| 17:55 | Construir | Town Center |
| 18:25 | Construir | Town Center |
| 18:31 | Crear | Villager (Male) |
| 18:31 | Crear | Villager (Male) |
| 18:32 | Crear | Villager (Male) |
| 18:40 | Investigar | Heavy Plow |
| 18:48 | Investigar | Loom |
| 18:48 | Investigar | Loom |
| 18:56 | Crear | Villager (Male) |
| 18:56 | Crear | Villager (Male) |
| 19:05 | Construir | Farm |
| 19:05 | Construir | Farm |
| 19:06 | Construir | Farm |
| 19:06 | Construir | Farm |
| 19:06 | Construir | Farm |
| 19:06 | Construir | Farm |
| 19:17 | Construir | Farm |
| 19:17 | Construir | Farm |
| 19:17 | Construir | Farm |
| 19:18 | Construir | Farm |
| 19:18 | Construir | Farm |
| 19:18 | Construir | Farm |
| 19:27 | Construir | Farm |
| 19:28 | Crear | Villager (Male) |
| 19:29 | Crear | Villager (Male) |
| 19:37 | Construir | Farm |
| 19:38 | Construir | Farm |
| 19:38 | Construir | Farm |
| 19:38 | Construir | Farm |
| 19:38 | Construir | Farm |
| 19:41 | Crear | Villager (Male) |
| 19:41 | Crear | Villager (Male) |
| 19:44 | Construir | Farm |
| 19:48 | Crear | Villager (Male) |
| 19:48 | Crear | Villager (Male) |
| 19:49 | Crear | Villager (Male) |
| 19:52 | Construir | Farm |
| 19:54 | Construir | Farm |
| 19:57 | Construir | Farm |
| 19:58 | Construir | Farm |
| 19:58 | Construir | Farm |
| 19:58 | Construir | Farm |
| 19:58 | Construir | Farm |
| 20:00 | Crear | Villager (Male) |
| 20:00 | Crear | Villager (Male) |
| 20:08 | Crear | Villager (Male) |
| 20:10 | Construir | Farm |
| 20:14 | Construir | Farm |
| 20:27 | Crear | Villager (Male) ×2 |
| 20:27 | Crear | Villager (Male) ×2 |
| 20:30 | Construir | Farm |
| 20:30 | Construir | Farm |
| 20:30 | Construir | Farm |
| 20:31 | Construir | Farm |
Build order — KLIKELIN
Primeras 150 de 575 acciones detectadas
| 0:04 | Construir | House |
| 0:04 | Crear | Villager (Male) |
| 0:06 | Construir | House |
| 0:06 | Crear | Villager (Male) |
| 0:49 | Crear | Villager (Male) |
| 0:50 | Crear | Villager (Male) |
| 1:38 | Crear | Villager (Male) |
| 1:38 | Crear | Villager (Male) |
| 1:56 | Construir | Lumber Camp |
| 2:00 | Crear | Villager (Male) |
| 2:00 | Crear | Villager (Male) |
| 2:28 | Crear | Villager (Male) |
| 2:30 | Crear | Villager (Male) |
| 3:07 | Crear | Villager (Male) |
| 3:37 | Crear | Villager (Male) |
| 3:37 | Crear | Villager (Male) |
| 3:41 | Construir | House |
| 3:42 | Construir | House |
| 3:58 | Crear | Villager (Male) |
| 3:59 | Crear | Villager (Male) |
| 4:33 | Crear | Villager (Male) |
| 4:44 | Crear | Villager (Male) |
| 4:45 | Crear | Villager (Male) |
| 4:52 | Construir | Mill |
| 4:56 | Crear | Villager (Male) |
| 5:45 | Crear | Villager (Male) |
| 6:07 | Crear | Villager (Male) |
| 6:29 | Crear | Villager (Male) |
| 6:50 | Crear | Villager (Male) |
| 7:15 | Crear | Villager (Male) |
| 8:00 | Construir | Mining Camp |
| 8:02 | Crear | Villager (Male) |
| 8:29 | Investigar | Feudal Age |
| 10:47 | Construir | House |
| 10:49 | Construir | House |
| 11:00 | Edad | Edad Feudal |
| 11:02 | Investigar | Castle Age |
| 11:04 | Investigar | Horse Collar |
| 11:55 | Investigar | Double-Bit Axe |
| 12:30 | Construir | Farm |
| 12:31 | Construir | Farm |
| 12:34 | Construir | Farm |
| 12:35 | Construir | Farm |
| 12:46 | Construir | Farm |
| 13:07 | Construir | Farm |
| 13:14 | Crear | Villager (Male) |
| 13:42 | Edad | Edad de los Castillos |
| 13:45 | Construir | Town Center |
| 13:50 | Investigar | Bow Saw |
| 13:53 | Crear | Villager (Male) |
| 13:57 | Construir | Farm |
| 14:00 | Construir | Farm |
| 14:13 | Construir | Farm |
| 14:20 | Crear | Villager (Male) |
| 14:37 | Crear | Villager (Male) |
| 15:04 | Construir | Town Center |
| 15:08 | Crear | Villager (Male) |
| 15:12 | Crear | Villager (Male) |
| 15:29 | Construir | Farm |
| 15:30 | Construir | Farm |
| 15:31 | Construir | Farm |
| 15:37 | Construir | Farm |
| 15:42 | Crear | Villager (Male) |
| 15:46 | Crear | Villager (Male) |
| 15:46 | Crear | Villager (Male) |
| 15:52 | Investigar | Loom |
| 16:03 | Crear | Villager (Male) |
| 16:22 | Construir | Mining Camp |
| 16:37 | Crear | Villager (Male) |
| 16:38 | Crear | Villager (Male) |
| 16:43 | Construir | Farm |
| 16:45 | Construir | Farm |
| 16:46 | Crear | Villager (Male) |
| 16:48 | Crear | Villager (Male) |
| 16:52 | Construir | Farm |
| 16:54 | Construir | Farm |
| 16:57 | Crear | Villager (Male) |
| 17:06 | Crear | Villager (Male) |
| 17:16 | Construir | House |
| 17:17 | Construir | House |
| 17:21 | Crear | Villager (Male) |
| 17:24 | Construir | Farm |
| 17:25 | Construir | Farm |
| 17:27 | Construir | Farm |
| 17:29 | Crear | Villager (Male) |
| 17:34 | Crear | Villager (Male) |
| 17:37 | Construir | Farm |
| 17:41 | Construir | Farm |
| 17:42 | Construir | Farm |
| 17:45 | Crear | Villager (Male) |
| 17:50 | Crear | Villager (Male) |
| 18:08 | Crear | Villager (Male) |
| 18:09 | Crear | Villager (Male) |
| 18:11 | Crear | Villager (Male) |
| 18:14 | Construir | House |
| 18:15 | Construir | House |
| 18:19 | Crear | Villager (Male) |
| 18:27 | Crear | Villager (Male) |
| 18:27 | Crear | Villager (Male) |
| 18:33 | Construir | Farm |
| 18:35 | Construir | Farm |
| 18:39 | Construir | Farm |
| 18:40 | Construir | Farm |
| 18:43 | Crear | Villager (Male) |
| 18:47 | Crear | Villager (Male) |
| 18:48 | Crear | Villager (Male) |
| 19:14 | Crear | Villager (Male) |
| 19:14 | Crear | Villager (Male) |
| 19:16 | Crear | Villager (Male) |
| 19:19 | Construir | House |
| 19:21 | Construir | House |
| 19:22 | Construir | House |
| 19:24 | Crear | Villager (Male) |
| 19:41 | Construir | Town Center |
| 19:43 | Crear | Villager (Male) |
| 19:52 | Crear | Villager (Male) |
| 19:57 | Construir | Town Center |
| 20:07 | Crear | Villager (Male) |
| 20:21 | Crear | Villager (Male) |
| 20:21 | Crear | Villager (Male) |
| 20:31 | Crear | Villager (Male) |
| 20:40 | Construir | Farm |
| 20:44 | Crear | Villager (Male) |
| 20:51 | Crear | Villager (Male) |
| 20:51 | Crear | Villager (Male) |
| 21:01 | Construir | House |
| 21:03 | Investigar | Wheelbarrow |
| 21:04 | Crear | Villager (Male) |
| 21:06 | Crear | Villager (Male) |
| 21:14 | Crear | Villager (Male) |
| 21:14 | Crear | Villager (Male) |
| 21:24 | Crear | Villager (Male) |
| 21:27 | Crear | Villager (Male) |
| 21:28 | Crear | Villager (Male) |
| 21:31 | Crear | Villager (Male) |
| 21:35 | Construir | House |
| 21:36 | Construir | House |
| 21:37 | Construir | House |
| 21:39 | Construir | House |
| 21:40 | Construir | House |
| 21:43 | Investigar | Gold Mining |
| 21:48 | Crear | Villager (Male) |
| 21:56 | Crear | Villager (Male) |
| 21:57 | Crear | Villager (Male) |
| 22:05 | Construir | Farm |
| 22:06 | Construir | Farm |
| 22:06 | Construir | Farm |
| 22:06 | Construir | Farm |
| 22:07 | Construir | Farm |
| 22:07 | Construir | Farm |
Build order — 玉祥(群主菜鸡)
Primeras 150 de 744 acciones detectadas
| 0:01 | Crear | Villager (Male) |
| 0:01 | Crear | Villager (Male) |
| 0:01 | Crear | Villager (Male) |
| 0:02 | Construir | House |
| 0:04 | Construir | House |
| 0:18 | Crear | Villager (Male) |
| 0:18 | Crear | Villager (Male) |
| 1:32 | Crear | Villager (Male) |
| 1:46 | Construir | Lumber Camp |
| 1:51 | Construir | Lumber Camp |
| 2:01 | Crear | Villager (Male) |
| 2:32 | Crear | Villager (Male) |
| 2:33 | Crear | Villager (Male) |
| 2:56 | Crear | Villager (Male) |
| 2:56 | Crear | Villager (Male) |
| 3:17 | Crear | Villager (Male) |
| 3:17 | Crear | Villager (Male) |
| 3:31 | Construir | House |
| 3:32 | Construir | House |
| 3:33 | Construir | House |
| 3:43 | Crear | Villager (Male) |
| 3:43 | Crear | Villager (Male) |
| 4:09 | Crear | Villager (Male) |
| 4:28 | Crear | Villager (Male) |
| 4:29 | Crear | Villager (Male) |
| 4:29 | Crear | Villager (Male) |
| 5:10 | Construir | Mill |
| 5:12 | Crear | Villager (Male) |
| 5:13 | Crear | Villager (Male) |
| 5:45 | Crear | Villager (Male) |
| 5:46 | Crear | Villager (Male) |
| 5:46 | Crear | Villager (Male) |
| 5:46 | Crear | Villager (Male) |
| 6:14 | Construir | Mill |
| 6:26 | Crear | Villager (Male) |
| 6:26 | Crear | Villager (Male) |
| 6:26 | Crear | Villager (Male) |
| 6:37 | Crear | Villager (Male) |
| 6:38 | Crear | Villager (Male) |
| 7:22 | Crear | Villager (Male) |
| 7:22 | Crear | Villager (Male) |
| 8:28 | Construir | Mining Camp |
| 8:36 | Investigar | Feudal Age |
| 9:39 | Crear | Villager (Male) |
| 9:39 | Crear | Villager (Male) |
| 10:58 | Edad | Edad Feudal |
| 11:02 | Construir | Blacksmith |
| 11:07 | Construir | Market |
| 11:44 | Investigar | Double-Bit Axe |
| 11:54 | Investigar | Castle Age |
| 11:54 | Investigar | Castle Age |
| 12:00 | Construir | House |
| 12:58 | Construir | Farm |
| 12:58 | Construir | Farm |
| 12:58 | Construir | Farm |
| 12:59 | Construir | Farm |
| 12:59 | Construir | Farm |
| 13:45 | Construir | House |
| 14:34 | Edad | Edad de los Castillos |
| 14:42 | Construir | Town Center |
| 14:48 | Construir | Town Center |
| 14:51 | Crear | Villager (Male) |
| 14:52 | Crear | Villager (Male) |
| 14:57 | Construir | Monastery |
| 15:06 | Construir | Farm |
| 15:21 | Construir | Farm |
| 15:35 | Crear | Villager (Male) |
| 15:42 | Crear | Monk |
| 15:47 | Crear | Villager (Male) |
| 15:51 | Construir | House |
| 15:53 | Crear | Villager (Male) |
| 15:55 | Crear | Villager (Male) |
| 15:57 | Construir | Farm |
| 15:59 | Crear | Villager (Male) |
| 16:00 | Construir | Farm |
| 16:00 | Construir | Farm |
| 16:01 | Construir | Farm |
| 16:05 | Construir | Farm |
| 16:06 | Crear | Villager (Male) |
| 16:06 | Crear | Villager (Male) |
| 16:13 | Crear | Villager (Male) |
| 16:20 | Construir | Farm |
| 16:27 | Construir | House |
| 16:31 | Crear | Monk |
| 16:36 | Crear | Villager (Male) |
| 16:37 | Crear | Villager (Male) |
| 16:44 | Construir | Farm |
| 16:48 | Construir | Farm |
| 16:51 | Crear | Villager (Male) |
| 16:51 | Crear | Villager (Male) |
| 16:52 | Crear | Villager (Male) |
| 17:02 | Crear | Villager (Male) |
| 17:03 | Crear | Villager (Male) |
| 17:06 | Construir | House |
| 17:08 | Construir | Farm |
| 17:17 | Construir | Farm |
| 17:19 | Construir | Farm |
| 17:23 | Crear | Villager (Male) |
| 17:23 | Crear | Villager (Male) |
| 17:32 | Crear | Villager (Male) |
| 17:33 | Crear | Villager (Male) |
| 17:36 | Construir | Farm |
| 17:41 | Construir | House |
| 17:42 | Construir | House |
| 17:52 | Crear | Villager (Male) |
| 17:52 | Crear | Villager (Male) |
| 17:53 | Crear | Villager (Male) |
| 18:03 | Crear | Villager (Male) |
| 18:03 | Crear | Villager (Male) |
| 18:08 | Construir | Farm |
| 18:11 | Construir | Farm |
| 18:12 | Crear | Villager (Male) |
| 18:13 | Crear | Villager (Male) |
| 18:14 | Construir | Farm |
| 18:28 | Crear | Villager (Male) |
| 18:29 | Crear | Villager (Male) |
| 18:29 | Crear | Villager (Male) |
| 18:29 | Crear | Villager (Male) |
| 18:47 | Crear | Villager (Male) |
| 18:47 | Crear | Villager (Male) |
| 18:48 | Crear | Villager (Male) |
| 18:54 | Construir | Farm |
| 18:55 | Crear | Villager (Male) |
| 18:55 | Crear | Villager (Male) |
| 19:02 | Construir | Farm |
| 19:03 | Crear | Villager (Male) |
| 19:03 | Crear | Villager (Male) |
| 19:14 | Construir | Town Center |
| 19:17 | Construir | House |
| 19:18 | Crear | Villager (Male) |
| 19:18 | Crear | Villager (Male) |
| 19:19 | Crear | Villager (Male) |
| 19:25 | Crear | Villager (Male) |
| 19:26 | Crear | Villager (Male) |
| 19:31 | Construir | Farm |
| 19:34 | Construir | Farm |
| 19:39 | Construir | Farm |
| 19:40 | Crear | Villager (Male) |
| 19:40 | Crear | Villager (Male) |
| 19:40 | Crear | Villager (Male) |
| 19:41 | Crear | Villager (Male) |
| 19:46 | Crear | Villager (Male) |
| 19:46 | Crear | Villager (Male) |
| 19:48 | Construir | Farm |
| 19:53 | Construir | Farm |
| 19:56 | Construir | Farm |
| 20:01 | Construir | Farm |
| 20:05 | Crear | Villager (Male) |
| 20:05 | Crear | Villager (Male) |
| 20:06 | Crear | Villager (Male) |
Build order — mojotzotzo
Primeras 150 de 452 acciones detectadas
| 0:01 | Crear | Villager (Male) |
| 0:01 | Crear | Villager (Male) |
| 0:02 | Crear | Villager (Male) |
| 0:02 | Crear | Villager (Male) |
| 0:04 | Construir | House |
| 0:05 | Construir | House |
| 1:33 | Crear | Villager (Male) |
| 1:33 | Crear | Villager (Male) |
| 1:33 | Crear | Villager (Male) |
| 1:49 | Construir | Lumber Camp |
| 2:09 | Crear | Villager (Male) |
| 2:09 | Crear | Villager (Male) |
| 2:21 | Crear | Villager (Male) |
| 2:22 | Crear | Villager (Male) |
| 2:22 | Crear | Villager (Male) |
| 2:50 | Crear | Villager (Male) |
| 2:51 | Crear | Villager (Male) |
| 3:05 | Crear | Villager (Male) |
| 3:05 | Crear | Villager (Male) |
| 3:42 | Crear | Villager (Male) |
| 3:54 | Construir | House |
| 4:12 | Crear | Villager (Male) |
| 4:21 | Construir | Mill |
| 4:37 | Crear | Villager (Male) |
| 4:37 | Crear | Villager (Male) |
| 4:38 | Crear | Villager (Male) |
| 4:54 | Construir | Mill |
| 5:04 | Crear | Villager (Male) |
| 5:04 | Crear | Villager (Male) |
| 5:04 | Crear | Villager (Male) |
| 5:37 | Crear | Villager (Male) |
| 5:47 | Construir | House |
| 6:34 | Crear | Villager (Male) |
| 6:46 | Construir | Farm |
| 7:00 | Crear | Villager (Male) |
| 7:20 | Construir | Farm |
| 7:31 | Crear | Villager (Male) |
| 7:42 | Construir | Farm |
| 7:51 | Investigar | Feudal Age |
| 8:18 | Construir | Mining Camp |
| 8:29 | Crear | Villager (Male) |
| 8:29 | Crear | Villager (Male) |
| 10:09 | Edad | Edad Feudal |
| 10:11 | Construir | Market |
| 10:38 | Construir | Blacksmith |
| 11:16 | Investigar | Castle Age |
| 11:17 | Investigar | Castle Age |
| 11:27 | Investigar | Double-Bit Axe |
| 11:42 | Investigar | Horse Collar |
| 12:08 | Construir | Farm |
| 12:21 | Construir | House |
| 12:51 | Crear | Villager (Male) |
| 12:54 | Construir | Farm |
| 13:08 | Crear | Villager (Male) |
| 13:12 | Construir | Farm |
| 13:15 | Construir | Farm |
| 13:21 | Construir | Farm |
| 13:45 | Crear | Villager (Male) |
| 13:56 | Edad | Edad de los Castillos |
| 14:11 | Construir | Town Center |
| 14:18 | Crear | Villager (Male) |
| 14:21 | Investigar | Bow Saw |
| 14:39 | Construir | House |
| 14:46 | Crear | Villager (Male) |
| 14:57 | Construir | Farm |
| 15:00 | Crear | Villager (Male) |
| 15:08 | Construir | Farm |
| 15:21 | Crear | Villager (Male) |
| 15:22 | Crear | Villager (Male) |
| 15:29 | Construir | Farm |
| 15:30 | Crear | Villager (Male) |
| 15:40 | Construir | Farm |
| 15:45 | Crear | Villager (Male) |
| 15:57 | Crear | Villager (Male) |
| 16:02 | Construir | Farm |
| 16:14 | Construir | Farm |
| 16:23 | Crear | Villager (Male) |
| 16:29 | Construir | Farm |
| 16:38 | Crear | Villager (Male) |
| 16:38 | Crear | Villager (Male) |
| 16:50 | Construir | Farm |
| 16:51 | Crear | Villager (Male) |
| 16:58 | Construir | Town Center |
| 17:13 | Crear | Villager (Male) |
| 17:13 | Crear | Villager (Male) |
| 17:16 | Construir | House |
| 17:22 | Construir | Farm |
| 17:22 | Crear | Villager (Male) |
| 17:29 | Construir | Farm |
| 17:50 | Investigar | Gold Mining |
| 17:55 | Construir | Farm |
| 17:59 | Construir | Farm |
| 18:01 | Construir | Farm |
| 18:03 | Crear | Villager (Male) |
| 18:04 | Crear | Villager (Male) |
| 18:10 | Construir | House |
| 18:13 | Construir | House |
| 18:20 | Crear | Villager (Male) |
| 18:23 | Crear | Villager (Male) |
| 18:23 | Crear | Villager (Male) |
| 18:24 | Crear | Villager (Male) |
| 18:32 | Crear | Villager (Male) |
| 18:35 | Construir | Monastery |
| 18:40 | Construir | University |
| 18:42 | Crear | Villager (Male) |
| 18:46 | Construir | Farm |
| 18:47 | Construir | Farm |
| 18:48 | Crear | Villager (Male) |
| 18:49 | Crear | Villager (Male) |
| 18:49 | Crear | Villager (Male) |
| 18:58 | Construir | Farm |
| 18:59 | Crear | Villager (Male) |
| 19:15 | Construir | Lumber Camp |
| 19:16 | Crear | Villager (Male) |
| 19:19 | Construir | Farm |
| 19:21 | Construir | Farm |
| 19:26 | Construir | Farm |
| 19:27 | Crear | Villager (Male) |
| 19:30 | Construir | Farm |
| 19:31 | Crear | Villager (Male) |
| 19:44 | Construir | Farm |
| 19:45 | Crear | Villager (Male) |
| 19:58 | Crear | Villager (Male) |
| 20:05 | Crear | Villager (Male) |
| 20:06 | Crear | Villager (Male) |
| 20:06 | Crear | Villager (Male) |
| 20:06 | Crear | Villager (Male) |
| 20:15 | Construir | Farm |
| 20:18 | Construir | Farm |
| 20:21 | Construir | Farm |
| 20:24 | Construir | Farm |
| 20:28 | Construir | Farm |
| 20:29 | Crear | Villager (Male) |
| 20:34 | Construir | House |
| 20:35 | Crear | Monk |
| 20:54 | Investigar | Loom |
| 20:58 | Investigar | Wheelbarrow |
| 20:59 | Crear | Villager (Male) |
| 21:00 | Crear | Villager (Male) |
| 21:03 | Investigar | Town Watch |
| 21:06 | Crear | Villager (Male) |
| 21:07 | Crear | Villager (Male) |
| 21:21 | Construir | Mining Camp |
| 21:27 | Construir | Farm |
| 21:32 | Crear | Villager (Male) |
| 21:36 | Construir | Farm |
| 21:39 | Construir | Farm |
| 21:40 | Crear | Villager (Male) |
| 21:43 | Construir | House |
| 21:48 | Construir | House |
Build order — Sacachispas
Primeras 150 de 461 acciones detectadas
| 0:02 | Crear | Villager (Male) |
| 0:02 | Crear | Villager (Male) |
| 0:02 | Crear | Villager (Male) |
| 0:04 | Construir | House |
| 0:06 | Construir | House |
| 0:23 | Crear | Villager (Male) |
| 0:24 | Crear | Villager (Male) |
| 1:29 | Crear | Villager (Male) |
| 1:48 | Construir | Palisade Wall |
| 1:50 | Construir | Palisade Wall |
| 1:57 | Construir | Palisade Gate |
| 2:04 | Construir | Palisade Gate |
| 2:08 | Crear | Villager (Male) |
| 2:08 | Crear | Villager (Male) |
| 2:16 | Construir | Palisade Wall |
| 2:22 | Construir | Palisade Gate |
| 2:23 | Crear | Villager (Male) |
| 2:24 | Crear | Villager (Male) |
| 2:40 | Construir | House |
| 2:42 | Construir | House |
| 2:47 | Crear | Villager (Male) |
| 2:47 | Crear | Villager (Male) |
| 3:18 | Crear | Villager (Male) |
| 3:18 | Crear | Villager (Male) |
| 4:00 | Crear | Villager (Male) |
| 4:00 | Crear | Villager (Male) |
| 4:00 | Crear | Villager (Male) |
| 4:31 | Crear | Villager (Male) |
| 4:31 | Crear | Villager (Male) |
| 5:06 | Construir | Lumber Camp |
| 5:11 | Crear | Villager (Male) |
| 5:12 | Crear | Villager (Male) |
| 5:12 | Crear | Villager (Male) |
| 6:15 | Crear | Villager (Male) |
| 6:15 | Crear | Villager (Male) |
| 6:25 | Construir | House |
| 6:48 | Construir | Mill |
| 7:15 | Crear | Villager (Male) |
| 7:16 | Crear | Villager (Male) |
| 7:16 | Crear | Villager (Male) |
| 8:29 | Crear | Villager (Male) |
| 8:59 | Construir | Farm |
| 9:01 | Crear | Villager (Male) |
| 9:04 | Construir | Farm |
| 9:08 | Construir | Mining Camp |
| 9:13 | Investigar | Feudal Age |
| 9:17 | Construir | Farm |
| 9:35 | Crear | Villager (Male) |
| 9:35 | Crear | Villager (Male) |
| 10:05 | Construir | Farm |
| 10:09 | Construir | Farm |
| 11:36 | Edad | Edad Feudal |
| 11:38 | Construir | Market |
| 11:40 | Construir | Blacksmith |
| 12:06 | Construir | House |
| 12:09 | Construir | House |
| 12:27 | Construir | Farm |
| 12:27 | Investigar | Castle Age |
| 12:27 | Investigar | Castle Age |
| 12:57 | Investigar | Double-Bit Axe |
| 13:13 | Construir | Farm |
| 13:18 | Investigar | Horse Collar |
| 13:22 | Construir | Farm |
| 13:31 | Construir | Farm |
| 13:51 | Construir | Farm |
| 14:09 | Crear | Villager (Male) |
| 14:10 | Crear | Villager (Male) |
| 14:10 | Crear | Villager (Male) |
| 14:27 | Construir | Farm |
| 14:48 | Construir | Farm |
| 15:07 | Edad | Edad de los Castillos |
| 15:09 | Construir | Town Center |
| 15:11 | Investigar | Bow Saw |
| 15:38 | Crear | Villager (Male) |
| 16:28 | Crear | Villager (Male) |
| 16:28 | Crear | Villager (Male) |
| 16:43 | Crear | Villager (Male) ×5 |
| 16:54 | Construir | Town Center |
| 17:07 | Construir | Farm |
| 17:10 | Construir | Farm |
| 17:39 | Construir | Farm |
| 17:41 | Construir | Farm |
| 17:45 | Construir | Farm |
| 17:52 | Construir | House |
| 17:53 | Construir | House |
| 18:04 | Crear | Villager (Male) |
| 18:05 | Crear | Villager (Male) |
| 18:05 | Crear | Villager (Male) |
| 18:05 | Crear | Villager (Male) |
| 18:05 | Crear | Villager (Male) |
| 18:10 | Construir | Farm |
| 18:16 | Construir | House |
| 18:17 | Crear | Villager (Male) |
| 18:17 | Crear | Villager (Male) |
| 18:21 | Construir | Farm |
| 18:28 | Construir | Farm |
| 18:43 | Construir | Mining Camp |
| 18:46 | Crear | Villager (Male) |
| 18:46 | Crear | Villager (Male) |
| 18:51 | Construir | Farm |
| 19:05 | Construir | House |
| 19:08 | Construir | Farm |
| 19:12 | Crear | Villager (Male) ×5 |
| 19:27 | Construir | Farm |
| 19:31 | Construir | Farm |
| 19:34 | Construir | Farm |
| 19:37 | Construir | Farm |
| 19:45 | Construir | Farm |
| 19:50 | Investigar | Wheelbarrow |
| 19:52 | Crear | Villager (Male) |
| 19:52 | Crear | Villager (Male) |
| 19:53 | Crear | Villager (Male) ×4 |
| 20:00 | Construir | Farm |
| 20:04 | Construir | Farm |
| 20:11 | Construir | Farm |
| 20:15 | Crear | Villager (Male) ×2 |
| 20:20 | Construir | Farm |
| 20:26 | Construir | Farm |
| 20:29 | Crear | Villager (Male) |
| 20:33 | Construir | House |
| 20:34 | Construir | House |
| 20:35 | Construir | House |
| 20:38 | Construir | House |
| 20:56 | Construir | Lumber Camp |
| 21:03 | Construir | Farm |
| 21:08 | Construir | Farm |
| 21:30 | Construir | Stone Wall |
| 21:35 | Construir | Gate |
| 21:45 | Construir | House |
| 21:51 | Crear | Villager (Male) |
| 21:51 | Crear | Villager (Male) |
| 21:51 | Crear | Villager (Male) |
| 21:52 | Crear | Villager (Male) |
| 21:52 | Crear | Villager (Male) |
| 21:57 | Investigar | Stone Mining |
| 22:13 | Construir | Farm |
| 22:20 | Crear | Villager (Male) |
| 22:24 | Investigar | Hand Cart |
| 22:39 | Construir | Mining Camp |
| 22:42 | Investigar | Gold Mining |
| 22:43 | Crear | Villager (Male) |
| 22:53 | Construir | University |
| 23:00 | Construir | Siege Workshop |
| 23:03 | Crear | Villager (Male) |
| 23:06 | Crear | Villager (Male) |
| 23:06 | Crear | Villager (Male) |
| 23:06 | Crear | Villager (Male) |
| 23:23 | Crear | Villager (Male) |
| 23:36 | Investigar | Imperial Age |
| 23:59 | Construir | Barracks |
Build order — 啦啦啦啦啦啦
Primeras 150 de 394 acciones detectadas
| 0:01 | Crear | Villager (Male) |
| 0:01 | Crear | Villager (Male) |
| 0:01 | Crear | Villager (Male) |
| 0:03 | Construir | House |
| 0:05 | Construir | House |
| 0:16 | Crear | Villager (Male) |
| 0:16 | Crear | Villager (Male) |
| 1:30 | Crear | Villager (Male) |
| 1:30 | Crear | Villager (Male) |
| 1:43 | Crear | Villager (Male) |
| 1:43 | Crear | Villager (Male) |
| 2:01 | Crear | Villager (Male) |
| 2:01 | Crear | Villager (Male) |
| 2:19 | Crear | Villager (Male) |
| 2:19 | Crear | Villager (Male) |
| 2:34 | Construir | Lumber Camp |
| 2:43 | Crear | Villager (Male) |
| 2:43 | Crear | Villager (Male) |
| 3:07 | Crear | Villager (Male) |
| 3:07 | Crear | Villager (Male) |
| 3:29 | Crear | Villager (Male) |
| 3:29 | Crear | Villager (Male) |
| 3:29 | Crear | Villager (Male) |
| 3:35 | Construir | House |
| 3:55 | Crear | Villager (Male) |
| 3:55 | Crear | Villager (Male) |
| 4:19 | Crear | Villager (Male) |
| 4:19 | Crear | Villager (Male) |
| 4:19 | Crear | Villager (Male) |
| 4:46 | Construir | Mill |
| 4:58 | Crear | Villager (Male) |
| 4:58 | Crear | Villager (Male) |
| 4:59 | Crear | Villager (Male) |
| 5:37 | Crear | Villager (Male) |
| 6:12 | Investigar | Loom |
| 7:04 | Investigar | Feudal Age |
| 7:13 | Construir | House |
| 7:14 | Construir | House |
| 7:16 | Construir | House |
| 7:17 | Construir | House |
| 8:46 | Crear | Villager (Male) |
| 8:47 | Crear | Villager (Male) |
| 9:16 | Edad | Edad Feudal |
| 9:18 | Construir | Town Center |
| 9:19 | Investigar | Horse Collar |
| 9:21 | Investigar | Double-Bit Axe |
| 10:09 | Crear | Villager (Male) |
| 10:25 | Crear | Villager (Male) |
| 10:29 | Crear | Villager (Male) |
| 10:30 | Crear | Villager (Male) |
| 10:32 | Construir | Farm |
| 10:40 | Construir | Farm |
| 10:52 | Crear | Villager (Male) |
| 10:52 | Crear | Villager (Male) |
| 10:58 | Construir | Mill |
| 11:09 | Crear | Villager (Male) |
| 11:10 | Crear | Villager (Male) |
| 11:12 | Construir | Farm |
| 11:28 | Construir | Farm |
| 11:29 | Crear | Villager (Male) |
| 11:30 | Crear | Villager (Male) |
| 11:32 | Crear | Villager (Male) |
| 11:32 | Crear | Villager (Male) |
| 11:50 | Crear | Villager (Male) |
| 11:50 | Crear | Villager (Male) |
| 11:56 | Construir | Farm |
| 12:10 | Construir | Farm |
| 12:11 | Crear | Villager (Male) |
| 12:12 | Crear | Villager (Male) |
| 12:25 | Crear | Villager (Male) |
| 12:25 | Crear | Villager (Male) |
| 12:31 | Construir | Farm |
| 12:38 | Construir | Farm |
| 12:42 | Construir | Farm |
| 12:43 | Crear | Villager (Male) |
| 12:44 | Crear | Villager (Male) |
| 12:52 | Crear | Villager (Male) |
| 12:53 | Crear | Villager (Male) |
| 12:53 | Crear | Villager (Male) |
| 13:00 | Construir | House |
| 13:01 | Construir | House |
| 13:03 | Construir | House |
| 13:04 | Construir | House |
| 13:07 | Crear | Villager (Male) |
| 13:08 | Crear | Villager (Male) |
| 13:25 | Crear | Villager (Male) |
| 13:25 | Crear | Villager (Male) |
| 13:37 | Crear | Villager (Male) |
| 13:37 | Crear | Villager (Male) |
| 13:42 | Construir | Farm |
| 13:45 | Construir | Farm |
| 13:50 | Crear | Villager (Male) |
| 13:51 | Crear | Villager (Male) |
| 14:03 | Crear | Villager (Male) |
| 14:04 | Crear | Villager (Male) |
| 14:09 | Construir | Farm |
| 14:10 | Construir | Farm |
| 14:11 | Construir | Farm |
| 14:24 | Construir | Mining Camp |
| 14:26 | Crear | Villager (Male) |
| 14:27 | Crear | Villager (Male) |
| 14:36 | Construir | Farm |
| 14:42 | Crear | Villager (Male) |
| 14:43 | Crear | Villager (Male) |
| 14:52 | Construir | Farm |
| 14:54 | Construir | Farm |
| 15:07 | Investigar | Wheelbarrow |
| 15:07 | Investigar | Wheelbarrow |
| 15:10 | Construir | House |
| 15:11 | Construir | House |
| 15:14 | Crear | Villager (Male) |
| 15:14 | Crear | Villager (Male) |
| 15:32 | Crear | Villager (Male) |
| 15:33 | Crear | Villager (Male) |
| 15:39 | Construir | Farm |
| 15:42 | Construir | Farm |
| 16:03 | Construir | Market |
| 16:07 | Crear | Villager (Male) |
| 16:07 | Crear | Villager (Male) |
| 16:08 | Crear | Villager (Male) |
| 16:11 | Construir | Farm |
| 16:16 | Crear | Villager (Male) |
| 16:19 | Construir | Farm |
| 16:21 | Construir | Farm |
| 16:32 | Crear | Villager (Male) |
| 16:48 | Construir | Lumber Camp |
| 17:04 | Construir | Blacksmith |
| 17:09 | Crear | Villager (Male) |
| 17:09 | Crear | Villager (Male) |
| 17:18 | Construir | House |
| 17:33 | Crear | Villager (Male) |
| 17:33 | Crear | Villager (Male) |
| 17:35 | Investigar | Gold Mining |
| 17:54 | Construir | Farm |
| 18:14 | Crear | Villager (Male) |
| 18:15 | Crear | Villager (Male) |
| 18:20 | Construir | House |
| 18:20 | Construir | House |
| 18:24 | Construir | Farm |
| 18:27 | Construir | Farm |
| 18:29 | Construir | Farm |
| 18:32 | Crear | Villager (Male) |
| 18:33 | Crear | Villager (Male) |
| 18:39 | Construir | Farm |
| 19:03 | Investigar | Castle Age |
| 19:06 | Crear | Villager (Male) |
| 19:07 | Crear | Villager (Male) |
| 19:16 | Construir | Farm |
| 19:19 | Crear | Villager (Male) |
| 19:22 | Construir | House |
Cronología de la partida
| 1:48 | Sacachispas · wall_segment Palisade Wall x1 |
| 1:50 | Sacachispas · wall_segment Palisade Wall x1 |
| 2:16 | Sacachispas · wall_segment Palisade Wall x1 |
| 9:16 | 啦啦啦啦啦啦 · age_up feudal |
| 9:51 | LingLing · age_up feudal |
| 10:09 | mojotzotzo · age_up feudal |
| 10:35 | 精锐蒙古蓝色长弓 · age_up feudal |
| 10:58 | 玉祥(群主菜鸡) · age_up feudal |
| 11:00 | KLIKELIN · age_up feudal |
| 11:23 | LingLing · first_market_buy 100 food |
| 11:24 | LingLing · first_market_sell 100 wood |
| 11:36 | Sacachispas · age_up feudal |
| 11:51 | [GDL] Axolotl · age_up feudal |
| 13:42 | KLIKELIN · age_up castle |
| 13:56 | mojotzotzo · age_up castle |
| 14:02 | mojotzotzo · first_market_buy 100 wood |
| 14:07 | LingLing · age_up castle |
| 14:23 | 精锐蒙古蓝色长弓 · age_up castle |
| 14:34 | 玉祥(群主菜鸡) · age_up castle |
| 14:57 | 玉祥(群主菜鸡) · first_building Monastery |
| 15:07 | Sacachispas · age_up castle |
| 15:21 | [GDL] Axolotl · age_up castle |
| 17:43 | 精锐蒙古蓝色长弓 · first_building Siege Workshop |
| 18:35 | mojotzotzo · first_building Monastery |
| 20:46 | 啦啦啦啦啦啦 · first_building Barracks |
| 21:30 | Sacachispas · wall_segment Stone Wall x1 |
| 22:04 | 啦啦啦啦啦啦 · age_up castle |
| 22:30 | LingLing · first_building Siege Workshop |
| 22:31 | mojotzotzo · first_building Barracks |
| 22:37 | mojotzotzo · first_building Siege Workshop |
| 22:53 | 精锐蒙古蓝色长弓 · first_building Monastery |
| 23:00 | Sacachispas · first_building Siege Workshop |
| 23:10 | 啦啦啦啦啦啦 · first_building Stable |
| 23:21 | 啦啦啦啦啦啦 · first_building Castle |
| 23:42 | mojotzotzo · first_building Stable |
| 23:45 | mojotzotzo · first_building Archery Range |
| 23:55 | [GDL] Axolotl · first_building Barracks |
| 23:59 | Sacachispas · first_building Barracks |
| 24:08 | 精锐蒙古蓝色长弓 · first_building Barracks |
| 24:31 | LingLing · first_building Barracks |
| 24:32 | [GDL] Axolotl · first_building Siege Workshop |
| 24:55 | Sacachispas · first_building Archery Range |
| 25:01 | 精锐蒙古蓝色长弓 · first_market_sell 100 wood |
| 25:08 | 精锐蒙古蓝色长弓 · first_building Archery Range |
| 25:10 | KLIKELIN · first_building Castle |
| 25:18 | 精锐蒙古蓝色长弓 · first_building Castle |
| 25:32 | [GDL] Axolotl · first_market_buy 100 food |
| 25:48 | mojotzotzo · first_market_sell 500 food |
| 25:50 | LingLing · first_building Archery Range |
| 25:50 | Sacachispas · first_building Castle |
| 25:59 | 玉祥(群主菜鸡) · first_building Barracks |
| 26:29 | Sacachispas · first_building Stable |
| 26:32 | 玉祥(群主菜鸡) · first_building Stable |
| 26:46 | Sacachispas · age_up imperial |
| 26:48 | LingLing · age_up imperial |
| 27:00 | mojotzotzo · age_up imperial |
| 27:08 | KLIKELIN · first_building Siege Workshop |
| 27:20 | KLIKELIN · first_building Barracks |
| 27:23 | LingLing · first_building Castle |
| 28:00 | Sacachispas · first_market_sell 100 wood |
| 28:13 | 精锐蒙古蓝色长弓 · age_up imperial |
| 28:21 | 玉祥(群主菜鸡) · age_up imperial |
| 28:36 | KLIKELIN · age_up imperial |
| 28:47 | [GDL] Axolotl · age_up imperial |
| 28:48 | 啦啦啦啦啦啦 · age_up imperial |
| 29:07 | 玉祥(群主菜鸡) · first_building Castle |
| 29:44 | LingLing · wall_segment Stone Wall x1 |
| 29:45 | LingLing · wall_segment Stone Wall x1 |
| 33:25 | 啦啦啦啦啦啦 · tribute_sent a jugador 1 |
| 33:25 | 啦啦啦啦啦啦 · tribute_sent a jugador 2 |
| 33:25 | 啦啦啦啦啦啦 · tribute_sent a jugador 3 |
| 33:25 | 啦啦啦啦啦啦 · tribute_sent a jugador 4 |
| 33:25 | 啦啦啦啦啦啦 · tribute_sent a jugador 5 |
| 33:25 | 啦啦啦啦啦啦 · tribute_sent a jugador 6 |
| 33:25 | 啦啦啦啦啦啦 · tribute_sent a jugador 8 |
| 34:09 | 玉祥(群主菜鸡) · first_market_sell 100 food |
| 34:35 | KLIKELIN · first_building Stable |
| 34:37 | 啦啦啦啦啦啦 · first_building Siege Workshop |
| 35:25 | 精锐蒙古蓝色长弓 · first_building Stable |
| 35:26 | mojotzotzo · first_building Castle |
| 36:12 | [GDL] Axolotl · first_building Castle |
| 38:19 | [GDL] Axolotl · first_market_sell 100 stone |
| 38:22 | 精锐蒙古蓝色长弓 · wall_segment Stone Wall x6 |
| 39:55 | 精锐蒙古蓝色长弓 · wall_segment Stone Wall x9 |
| 39:56 | 精锐蒙古蓝色长弓 · wall_segment Stone Wall x5 |
| 39:57 | 精锐蒙古蓝色长弓 · wall_segment Stone Wall x3 |
| 40:02 | 精锐蒙古蓝色长弓 · wall_segment Stone Wall x1 |
| 40:16 | 啦啦啦啦啦啦 · first_market_sell 500 food |
| 49:39 | KLIKELIN · wall_segment Stone Wall x5 |
| 49:42 | 啦啦啦啦啦啦 · resign |
[ ANÁLISIS IA · 1 CRÉDITO ]
¿Qué pasó realmente en esta partida?
Wolo.gg analiza cada decisión: build order, eco, micro, errores típicos por bracket. Análisis personalizado por WhatsApp o Discord en 30 segundos.
Guía civ
Italianos
Perfil
Jugador #4084684